 Dungeon Crawl Stone Soup version 0.31-a0-819-gf6de2f5ab6 (webtiles) character file.

Game seed: 12293710177740855838

51 qw the Shooter (level 3, -4/23 HPs)
             Began as a Gargoyle Hunter on Sept 23, 2023.
             Slain by an orc priest
             ... wielding a +0 mace
              (6 damage)
             ... on level 2 of the Dungeon.
             The game lasted 00:00:28 (1083 turns).

qw the Shooter (Gargoyle Hunter)                    Turns: 1083, Time: 00:00:29

Health: -4/23      AC:  6    Str: 14    XL:     3   Next: 83%
Magic:  3/3        EV: 11    Int:  9    God:
Gold:   40         SH:  0    Dex: 15    Spells: 2/2 levels left

rFire   . . .        Y - +0 shortbow
rCold   . . .        (shield currently unavailable)
rNeg    + . .        c - +0 leather armour
rPois   inf          (no helmet)
rElec   +            (no cloak)
rCorr   .            (no gloves)
SInv    .            (no boots)
Will    .....        f - amulet of reflection
Stlth   +            (no ring)
HPRegen 0.23/turn    (no ring)
MPRegen 0.08/turn

%: reflection
@: confused
A: sickness immunity, AC +3, negative energy resistance 1, electricity
resistance, torment resistance 1, petrification resistance
a: no special abilities


You were on level 2 of the Dungeon.
You visited 1 branch of the dungeon, and saw 2 of its levels.

You collected 40 gold pieces.


Innate Abilities, Weirdness & Mutations

You are immune to sickness and miasma.
Your stone body is resilient. (AC +3)
You are immune to poison.
You resist negative energy. (rN+)
You are resistant to electric shocks. (rElec)
You are resistant to unholy torment.
You are immune to petrification.


   Skills:
 - Level 3.0 Fighting
 + Level 5.0 Ranged Weapons
 - Level 1.5 Dodging
 - Level 1.1 Stealth


You had 2 spell levels left.
You didn't know any spells.
Your spell library was empty.

Inventory:

Hand Weapons
 Y - a +0 shortbow (weapon)
Armour
 b - a +0 ring mail
 c - a +0 leather armour (worn)
Jewellery
 f - an amulet of reflection (around neck)
Potions
 a - a potion of curing {unknown}

Dungeon Overview and Level Annotations

Branches:
Dungeon (2/15)

Altars:


Message History

The arrow hits the goblin but does no damage.
The goblin hits you but does no damage.
You shoot an arrow. The arrow hits the goblin!
You kill the goblin!
An orc comes into view. It is wielding a +0 dagger.
Your Fighting skill increases to level 3!
You shoot an arrow. The orc shouts!
The arrow hits the orc.
The orc is severely wounded.
You shoot an arrow. The arrow hits the orc!
You kill the orc!
An orc priest comes into view. It is wielding a +0 mace.
An orc wizard comes into view. It is wielding a +0 dagger.
You shoot an arrow. The orc wizard shouts!
The arrow hits the orc priest!
The orc priest is heavily wounded.
You hear a shout!
The orc wizard points at you and mumbles some strange words.
You are confused.
The orc priest mumbles some strange prayers to Beogh against you.
Pain shoots through your body!
An orc priest comes into view. It is wielding a +0 morningstar.
The orc wizard casts a spell at you. The magic dart hits you!
The orc priest invokes the aid of Beogh against you.
Beogh smites you!
Ouch! That really hurt!
The orc wizard casts a spell.
The orc wizard flickers and vanishes!
Deactivating autopickup; reactivate with Ctrl-A.
The orc priest calls upon Beogh to heal the orc priest.
The orc priest is healed somewhat.
You are more confused.
The orc priest invokes the aid of Beogh against you.
The orc priest looks satisfied for a moment.
The orc priest looks satisfied for a moment.
The orc priest hits you with a +0 mace.
You die...

..###..#....####.######
######.......>........#
......................#
..#######.......#######
...>#####.......#
#.#..........>..#
...#..###.......##
.#......#........######
.####...........@o....#
...#....<........)......
##.#.#.#.........$......
#.....#...####......)..
##....##.. ..........
#%<....... ##.)<..o...
........... #.........
..####....# #.........
## ....#


You could see 2 orc priests.

Vanquished Creatures
  A worm (D:2)
  A dart slug (D:1)
  An orc (D:2)
  6 bats (D:1)
  8 endoplasms
  3 giant cockroaches
  5 goblins
  3 hobgoblins (D:1)
  2 quokkas (D:1)
  4 frilled lizards (D:1)
  4 kobolds
  3 rats
41 creatures vanquished.

Notes
Turn   | Place    | Note
-------+----------+-------------------------------------------
     0 | D:1      | qw the Gargoyle Hunter began the quest for the Orb.
     0 | D:1      | Reached XP level 1. HP: 12/12 MP: 1/1
     0 | D:1      | 0 ||| qw: Version: 0.3-a-83-gcd0e7d8
     0 | D:1      | 0 ||| qw: Game counter: 1552
     0 | D:1      | 0 ||| qw: Melee chars always use a shield: true
     0 | D:1      | 0 ||| qw: God list: Okawaru
     0 | D:1      | 0 ||| qw: Allow faded altars: false
     0 | D:1      | 0 ||| qw: Do Orc after clearing Dungeon:15 true
     0 | D:1      | 0 ||| qw: Do second Lair branch before Depths: true
     0 | D:1      | 0 ||| qw: Lair rune preference: random
     0 | D:1      | 0 ||| qw: Goals: Normal
     0 | D:1      | 0 ||| PLANNING D:1-11
   141 | D:1      | Found a faded altar of an unknown god.
   244 | D:1      | Reached XP level 2. HP: 17/17 MP: 2/2
   462 | D:1      | Reached XP level 3. HP: 21/21 MP: 3/3
   479 | D:1      | Reached skill level 5 in Ranged Weapons
   930 | D:1      | 930 ||| UPGRADING to amulet of reflection.
   935 | D:1      | 935 ||| READING scroll labelled HIED FIEGEZXYA.
   936 | D:1      | 936 ||| READING scroll labelled TALATA BISOF.
   937 | D:1      | 937 ||| READING scroll labelled AMYMEKH HISSU.
   938 | D:1      | 938 ||| DROPPING scroll of butterflies.
  1072 | D:2      | Reached skill level 3 in Fighting
  1078 | D:2      | HP: 1/23 [orc priest/divine providence (12)]
  1083 | D:2      | Slain by an orc priest

Levels and vault maps discovered:
D:1:      evilmike_arrival_rings, layout_basic,
          ebering_ecumenical_altar_abandoned
D:2:      layout_rooms, minmay_distorted

Skill      XL: |  1  2  3 |
---------------+----------+-----
Ranged Weapons | 5 |  5.0
Fighting       | 3 |  3.0
Dodging        | |  1.5
Stealth        | |  1.1

Action                     || total
---------------------------++-------
   Fire: Shortbow          ||   120
    Use: Scroll            ||     3
 Armour: Leather armour    ||    24
  Dodge: Dodged            ||    23

Table legend:
 A = Non-vault XP
 B = Vault XP
 C = Vault XP percentage of total XP
 D = Non-vault monster count
 E = Vault monster count
 F = Vault count percentage of total count
                 A         B        C        D         E       F
            +---------+---------+-------+---------+---------+-------
      Total |      74 |       0 |   0.0 |      41 |       0 |   0.0
            +---------+---------+-------+---------+---------+-------
        D:1 |      55 |       0 |   0.0 |      33 |       0 |   0.0
        D:2 |      19 |       0 |   0.0 |       8 |       0 |   0.0
            +---------+---------+-------+---------+---------+-------
